 Dungeon Crawl Stone Soup version 0.31-a0-816-gd61d57ddb1 (webtiles) character file.

Game seed: 264062265078260680

9 Essalna the Conjurer (level 2, 19/19 HPs)
             Began as a Demonspawn Conjurer on Sept 22, 2023.
             Got out of the dungeon alive.
             The game lasted 00:00:45 (671 turns).

Essalna the Conjurer (Demonspawn Conjurer)           Turns: 671, Time: 00:00:46

Health: 19/19      AC:  2    Str:  7    XL:     2   Next: 6%
Magic:  4/5        EV: 12    Int: 19    God:
Gold:   52         SH:  0    Dex: 11    Spells: 4/5 levels left

rFire   . . .        e - +0 falchion
rCold   . . .        (no shield)
rNeg    . . .        a - +0 robe
rPois   .            (no helmet)
rElec   .            (no cloak)
rCorr   .            (no gloves)
SInv    .            (no boots)
Will    .....        (no amulet)
Stlth   ++           (no ring)
HPRegen 0.23/turn    (no ring)
MPRegen 0.09/turn

%: no passive effects
@: no status effects
A: demonic guardian 1
a: no special abilities


You escaped.
You visited 1 branch of the dungeon, and saw 1 of its levels.

You collected 52 gold pieces.

Inventory:

Hand Weapons
 d - a +0 dagger
 e - a +0 falchion (weapon)
Armour
 a - a +0 robe (worn)
Jewellery
 c - a ring of resist corrosion
Potions
 b - a potion of magic
 f - a potion of mutation {unknown}
 g - a potion of curing {unknown}
 h - a potion of might {unknown}
 i - a potion of heal wounds {unknown}


   Skills:
 - Level 1.7 Dodging
 - Level 1.7 Stealth
 + Level 2.3 Spellcasting
 + Level 4.2 Conjurations


You had 4 spell levels left.
You knew the following spells:

 Your Spells              Type           Power      Damage    Failure   Level
a - Magic Dart            Conj           72%        1d6       2%          1

Your spell library contained the following spells:

 Spells                   Type           Power      Damage    Failure   Level
 Searing Ray              Conj           36%        2d5       4%          2
 Dazzling Flash           Conj/Hex       20%        N/A       21%         3
 Fulminant Prism          Conj/Hex       5%         3d7       56%         4
 Iskenderun's Mystic Bla  Conj/Tloc      10%        2d4       56%         4


Dungeon Overview and Level Annotations

Branches:
Dungeon (1/15)

Altars:


Innate Abilities, Weirdness & Mutations

A weak demonic guardian rushes to your aid.


Message History

Found a stone staircase leading down.
There is a stone staircase leading down here.
A ball python comes into view.
A ball python is nearby!
A ball python is nearby!
A ball python is nearby!
The magic dart hits the ball python.
You kill the ball python!
You can't see any susceptible monsters within range! (Use Z to cast anyway.)
You can't see any susceptible monsters within range! (Use Z to cast anyway.)
There is a stone staircase leading down here.
Found a club.
You see here a +0 club.
You now have 52 gold pieces (gained 9).
Key pressed, stopping explore.
Key pressed, stopping explore.
A rat comes into view.
A rat is nearby!
A rat is nearby!
A rat is nearby!
The magic dart hits the rat.
You kill the rat!
You have reached level 2!
Your demonic ancestry asserts itself...
You feel the presence of a demonic guardian.
There is an open door here.
A ball python comes into view.
A ball python is nearby!
A ball python is nearby!
A ball python is nearby!
The magic dart hits the ball python.
The ball python is severely wounded.
The ball python hisses angrily.
The magic dart hits the ball python.
You kill the ball python!
You can't see any susceptible monsters within range! (Use Z to cast anyway.)
You can't see any susceptible monsters within range! (Use Z to cast anyway.)
There is an empty arch of ancient stone here.
There is a staircase leading out of the dungeon here.
You have escaped!

#.#.#.##.................
#.#...♣♣.♣♣##○○..########
#.##♣♣...♣..♣§§§.#
#.#§.♣♣♣..♣♣.§§○.########
#.#8♣..⌠.⌠♣♣♣§#.###......
#.#..♣⌠...§§§♣#...#.#####
#..♣♣⌠..∩..§♣♣♣..........
#.♣.⌠.......⌠...##...####
#.♣...∩.@.∩..♣♣.###.....#
#..♣§.......⌠.♣.# #......
#.♣♣§⌠..∩..⌠.♣..# ######.
#.#§♣♣§...⌠♣♣.#.# #.
#.#○♣§§⌠.⌠..♣♣#.# #.
#.#.§♣♣♣♣.♣♣.8#.# ## ##§♣
♣♣.♣☼##.# ### ♣.####.#
### #.#


There were no monsters in sight!

Vanquished Creatures
  A goblin (D:1)
  3 ball pythons (D:1)
  A bat (D:1)
  A frilled lizard (D:1)
  5 rats (D:1)
11 creatures vanquished.

Notes
Turn   | Place    | Note
-------+----------+-------------------------------------------
     0 | D:1      | Essalna the Demonspawn Conjurer began the quest for the
                  | Orb.
     0 | D:1      | Reached XP level 1. HP: 13/13 MP: 3/3
   584 | D:1      | Gained mutation: A weak demonic guardian rushes to your
                  | aid. [demonic ancestry]
   584 | D:1      | Reached XP level 2. HP: 19/19 MP: 3/5
   671 | D:$      | Got out of the dungeon alive.

Illustrated notes

Levels and vault maps discovered:
D:1:      heliophobic_arrival_enchanted_forest, layout_basic, hex_intersection

Action                     || total
---------------------------++-------
  Melee: Falchion          ||     1
   Cast: Magic Dart        ||    12
 Armour: Robe              ||     1

Table legend: (Time is in decaauts)
 A = Elapsed time spent in this place.
 B = Non-inter-level travel time spent in this place.
 C = Inter-level travel time spent in this place.
 D = Time resting spent in this place.
 E = Time spent auto-exploring this place.
 F = Levels seen in this place.
 G = Mean time per level.
                   A        B        C        D        E       F      G
               +--------+--------+--------+--------+--------+-----+--------+
         Total |    670 |    645 |     25 |      0 |    592 |   1 |  670.0 |
       Dungeon |    670 |    645 |     25 |      0 |    592 |   1 |  670.0 |
               +--------+--------+--------+--------+--------+-----+--------+

Top non-repeatable levels by time:
     D:1: 670 daAuts
